 Dungeon Crawl Stone Soup version 0.20.1-1-g8b1a95d (webtiles) character file.

44 Mesmaeker13 the Sneak (level 3, 0/24 HPs)
             Began as a Vampire Enchanter on Dec 24, 2017.
             Slain by Natasha (4 damage)
             ... on level 2 of the Dungeon.
             The game lasted 00:03:36 (2781 turns).

Mesmaeker13 the Sneak (Vampire Enchanter)           Turns: 2781, Time: 00:03:37

Health: 0/24       AC:  2    Str:  7    XL:     3   Next: 41%
Magic:  1/6        EV: 13    Int: 17    God:
Gold:   107        SH:  0    Dex: 15    Spells: 2/6 levels left

rFire    . . .     SeeInvis +   a - +1 dagger
rCold    + . .     Gourm    .   (no shield)
rNeg     + + .     Faith    .   b - +0 robe
rPois    +         Spirit   .   (no helmet)
rElec    .         Reflect  .   (no cloak)
rCorr    .         Harm     .   (no gloves)
MR       .....                  (no boots)
Stlth    ++++......             (no amulet)
Regen    0.1/turn               (no ring)
MPRegen  0.1/turn               (no ring)

@: very slightly contaminated, regenerating slowly, slowed, very slow
A: fangs 3, see invisible, unbreathing
a: Bat Form


You were on level 2 of the Dungeon.
You were thirsty.

You visited 1 branch of the dungeon, and saw 2 of its levels.

You collected 107 gold pieces.

Inventory:

Hand Weapons
 a - a +1 dagger (weapon)
Missiles
 j - 7 tomahawks (quivered)
Armour
 b - a +0 robe (worn)
Scrolls
 e - a scroll of enchant armour
 f - a scroll of remove curse
 m - a scroll of enchant weapon
Potions
 d - 3 potions of blood
 g - a potion of might {unknown}
 h - a potion of haste {unknown}
 i - a potion of mutation {unknown}
 k - a potion of cancellation {unknown}
 l - 2 potions of curing {unknown}
Books
 c - a book of Maledictions

   Spells                             Type                      Level
   a - Corona                         Hexes                        1
   b - Ensorcelled Hibernation        Hexes/Ice                    2
   c - Confuse                        Hexes                        3
   d - Tukima's Dance                 Hexes                        3
   e - Dazzling Spray                 Conjuration/Hexes            3


   Skills:
 + Level 2.0 Short Blades
 + Level 2.5 Dodging
 + Level 5.4 Stealth
 - Level 2.0 Spellcasting
 + Level 5.1 Hexes


You had 2 spell levels left.
You knew the following spells:

 Your Spells              Type           Power        Failure   Level  Hunger
a - Corona                Hex            ###....      2%          1    #......
b - Confuse               Hex            ###.....     7%          3    ###....


Dungeon Overview and Level Annotations

Branches:
Dungeon (2/15)

Altars:

Annotations:
D:2 Natasha, Terence


Innate Abilities, Weirdness & Mutations

You heal slowly.
You have razor-sharp teeth.
You have supernaturally acute eyesight. (SInv)
You can survive without breathing.


Message History

Natasha barely misses you.
You hit Natasha.
Natasha is heavily wounded.
Natasha claws you.
You hit Natasha but do no damage.
Natasha is heavily wounded.
Natasha casts a spell.
Natasha claws you.
* * * LOW HITPOINT WARNING * * *
You closely miss Natasha.
Natasha is heavily wounded.
Natasha misses you.
You closely miss Natasha.
Natasha is heavily wounded.
Natasha barely misses you. The crimson imp hits you.
* * * LOW HITPOINT WARNING * * *
You closely miss Natasha.
Natasha is heavily wounded.
Natasha claws you.
You die...

..... ##...## ##...## # < #.#
@.. ##.....###.....### ## ..
#...[...#.......#. ..
#.......#.......#.
<....#####.##
#.......#.......#.
#...........#
##.....###.....### .........#.#
##...## ##...## # #........#h#
####'#######'#####
#........#.###@................
#........#..##h5...............
#.h).....##.##.................
#........##....##'#######'#####
#........###.###...## ##...## #
###(###### #.##.....###.....###
#(########.#.......#.......#.
#.#.....##.#.......#.......#.
#(#..[..##.#.รท.....#.......#.


You could see Natasha and a crimson imp.

Vanquished Creatures
  An ooze (D:2)
  2 dart slugs (D:2)
  A ball python (D:2)
  5 bats
  2 giant cockroaches
  5 goblins
  5 hobgoblins
  5 frilled lizards
  3 kobolds
  5 rats
34 creatures vanquished.

Notes
Turn   | Place    | Note
-------+----------+-------------------------------------------
     0 | D:1      | Mesmaeker13 the Vampire Enchanter began the quest for the Orb.
     0 | D:1      | Reached XP level 1. HP: 13/13 MP: 3/3
   294 | D:1      | Reached XP level 2. HP: 14/19 MP: 5/5
   778 | D:1      | Reached skill level 5 in Stealth
  1105 | D:2      | Reached XP level 3. HP: 19/24 MP: 6/6
  1422 | D:2      | Reached skill level 5 in Hexes
  1594 | D:2      | Noticed Natasha
  1602 | D:2      | Learned a level 3 spell: Confuse
  2054 | D:2      | Noticed Terence
  2781 | D:2      | Slain by Natasha

Skill      XL: |  1  2  3 |
---------------+----------+-----
Stealth        | 5 |  5.4
Hexes          | 5 |  5.1
Short Blades   | 2 |  2.0
Dodging        | |  2.5
Spellcasting   | |  2.0

Action                   || total
-------------------------++-------
Melee: Dagger            ||   118
       Bite              ||     6
 Cast: Corona            ||     1
       Confuse           ||     5
 Abil: End Transformatio ||     1
       Bat Form          ||     1
  Use: Scroll            ||     3
       Potion            ||     3
 Stab: Sleeping          ||    13
  Eat: Corpse            ||     1
Armor: Robe              ||    17
Dodge: Dodged            ||    64
